 Dungeon Crawl Stone Soup version 0.30.1 (webtiles) character file.

Game seed: 5671638409001497764

241 monsoonserge the Ruffian (level 5, -3/53 HPs)
             Began as a Troll Fighter on July 6, 2023.
             Slain by an ogre
             ... wielding a +0 giant club
              (25 damage)
             ... on level 5 of the Dungeon.
             The game lasted 00:07:20 (2851 turns).

monsoonserge the Ruffian (Troll Fighter)            Turns: 2851, Time: 00:07:20

Health: -3/53      AC:  4    Str: 26    XL:     5   Next: 80%
Magic:  4/4        EV:  9    Int:  4    God:
Gold:   240        SH:  8    Dex:  9    Spells: 4/4 levels left

rFire   + .          .
                       - Unarmed
rCold   + . .        b - +0 kite shield
rNeg    . . .        a - +0 robe
rPois   .            (helmet restricted)
rElec   .            A - scarf {rC+ rF+}
rCorr   .            (gloves unavailable)
SInv    .            (boots unavailable)
Will    .....        (no amulet)
Stlth   +            (no ring)
HPRegen 1.08/turn    (no ring)
MPRegen 0.09/turn

%: no passive effects
@: no status effects
A: large, unfitting armour, claws 3, regeneration 1, shaggy fur 1, tough skin 1
a: no special abilities


You were on level 5 of the Dungeon.
You visited 1 branch of the dungeon, and saw 5 of its levels.

You collected 240 gold pieces.

Inventory:

Hand Weapons
 n - a +0 flail
Missiles
 y - a poisoned dart (quivered)
Armour
 a - a +0 robe (worn)
 b - a +0 kite shield (worn)
 A - a scarf of resistance (worn)
Scrolls
 d - 7 scrolls of identify {unknown}
 e - 3 scrolls of blinking {unknown}
 f - a scroll of vulnerability {unknown}
 g - 3 scrolls of poison {unknown}
 h - 2 scrolls of immolation {unknown}
 j - 2 scrolls of enchant armour {unknown}
 o - a scroll of teleportation {unknown}
 r - a scroll of enchant weapon {unknown}
 z - a scroll of acquirement {unknown}
Potions
 c - 2 potions of might
 k - 2 potions of heal wounds {unknown}
 l - a potion of lignification {unknown}
 m - a potion of degeneration {unknown}
 p - 4 potions of curing {unknown}
 q - a potion of magic {unknown}
 s - a potion of cancellation {unknown}
 t - a potion of brilliance {unknown}
 u - a potion of invisibility {unknown}
 v - a potion of mutation {unknown}
 w - a potion of haste {unknown}
 x - a potion of attraction {unknown}


   Skills:
 + Level 3.0 Fighting
 + Level 3.1 Dodging
 * Level 3.6 Shields
 * Level 4.4 Unarmed Combat


You had 4 spell levels left.
You didn't know any spells.
Your spell library contained the following spells:

 Spells                   Type           Power      Damage    Failure   Level
 Apportation              Tloc           0%         N/A       75%         1
 Magic Dart               Conj           0%         1d3       75%         1
 Searing Ray              Conj           0%         2d4       87%         2
 Fulminant Prism          Conj/Hex       0%         3d5       100%        4
 Alistair's Intoxication  Tmut/Pois      0%         N/A       100%        5
 Conjure Ball Lightning   Conj/Air       0%         3x3d6     100%        6
 Discord                  Hex            0%         N/A       100%        8
 Disjunction              Tloc           0%         N/A       100%        8


Dungeon Overview and Level Annotations

Branches:
Dungeon (5/15)
 Temple: D:4-7

Altars:
Wu Jian

Annotations:
D:4 2 transporters, Perinia's ghost, amateur KoAE


Innate Abilities, Weirdness & Mutations

You are too large for most types of armour.
You have claws for hands.
Your natural rate of healing is unusually fast.
You are covered in fur. (AC +1)
You have tough skin. (AC +1)


Message History

You start putting on your armour.
You continue putting on your scarf of resistance. x5
You finish putting on your scarf of resistance.
You feel resistant to extremes of temperature.
Unknown command.
You drop a +0 cloak.
Found a stone staircase leading down.
An ogre comes into view. It is wielding a +0 giant club.
The ogre shouts!
There is a stone staircase leading down here.
Found an escape hatch in the ceiling.
Throw: 4 darts (poison)
Press: ? - help, Q - select action Shift-Dir - straight line, f - ogre
Aim: an ogre, wielding a +0 giant club (71% to hit)
You throw a poisoned dart. The poisoned dart hits the ogre.
The ogre is poisoned.
Unknown command.
Throw: 3 darts (poison)
Press: ? - help, Q - select action Shift-Dir - straight line, f/p - ogre
Aim: an ogre, wielding a +0 giant club (lightly wounded, poisoned, 71% to hit)
You throw a poisoned dart. The poisoned dart hits the ogre.
The ogre looks even sicker.
The ogre is lightly wounded.
Throw: 2 darts (poison)
Press: ? - help, Q - select action Shift-Dir - straight line, f/p - ogre
Aim: an ogre, wielding a +0 giant club (lightly wounded, very poisoned, 71% to hit)
You throw a poisoned dart. The poisoned dart hits the ogre.
The ogre looks even sicker.
The ogre is lightly wounded.
You closely miss the ogre.
The ogre is lightly wounded.
The ogre hits you with a +0 giant club!!
Ouch! That really hurt!
You scratch the ogre.
The ogre is moderately wounded.
Sorry, you're not good enough to have a special ability.
You scratch the ogre.
The ogre is heavily wounded.
The ogre hits you with a +0 giant club!!
You die...

#......#.#.#
####...#.#.#
#
##..#.#.#.#
#....#.#.#
##.##....#
#..#..###
##....#
#.>..#
##@###
#....O...#
#....(...#
#....(...#
#....(...#
#........#
#........#
#.....<..#


You could see an ogre (very poisoned).

Vanquished Creatures
  2 orc priests
  A jelly (D:4)
  An orc wizard (D:2)
  3 adders
  A worm (D:4)
  4 dart slugs
  11 orcs
  9 bats
  2 endoplasms
  2 giant cockroaches
  7 hobgoblins
  2 jackals (D:1)
  8 kobolds
  4 quokkas
  5 ball pythons
  2 frilled lizards (D:2)
  10 goblins
  8 rats
82 creatures vanquished.

Notes
Turn   | Place    | Note
-------+----------+-------------------------------------------
     0 | D:1      | monsoonserge the Troll Fighter began the quest for the Orb.
     0 | D:1      | Reached XP level 1. HP: 22/22 MP: 0/0
    78 | D:1      | Reached XP level 2. HP: 29/29 MP: 1/1
   232 | D:1      | Reached XP level 3. HP: 36/36 MP: 2/2
  1694 | D:2      | Reached skill level 3 in Unarmed Combat
  1705 | D:2      | Reached XP level 4. HP: 25/44 MP: 3/3
  2275 | D:3      | Reached XP level 5. HP: 52/52 MP: 4/4
  2331 | D:4      | Reached skill level 4 in Unarmed Combat
  2388 | D:4      | Found an ornate altar of the Wu Jian Council.
  2466 | D:4      | Found a transporter.
  2476 | D:4      | Noticed Perinia's ghost (amateur KoAE)
  2775 | D:4      | Found a transporter.
  2822 | D:5      | Entered Level 5 of the Dungeon
  2844 | D:5      | Noticed an ogre
  2851 | D:5      | Slain by an ogre

Illustrated notes

Levels and vault maps discovered:
D:1:      lemuel_arrival_broad_hall, layout_loops_ring
D:2:      layout_basic
D:3:      layout_basic, kennysheep_generic_room_8
D:4:      layout_rooms, amcnicky_altar_gilded, gammafunk_ghost_stat_death
D:5:      layout_basic, uniq_crazy_yiuf_cottage

Skill      XL: |  1  2  3  4  5 |
---------------+----------------+-----
Shields        | 3 |  3.6
Unarmed Combat | 3 4 |  4.4
Dodging        | 3 |  3.1
Fighting       | 3 |  3.0

Action                     |  1- 3 |  4- 6 || total
---------------------------+-------+-------++-------
  Melee: Unarmed           |   118 |    87 ||   205
  Throw: Dart              |       |     3 ||     3
   Stab: Sleeping          |     1 |       ||     1
 Armour: Robe              |    54 |    41 ||    95
  Dodge: Dodged            |    40 |    40 ||    80
  Block: Kite shield       |    51 |    44 ||    95
